UNITED STATES PREMIER LEAGUE
LEXINGTON BC VS BUCKHEAD BOWTIES
06/27/2014
 
TOP OF THE 1ST
Buckhead Bowties batting - Pitching for Lexington BC : RHP Guillermo García
Pitching: RHP Guillermo García
Batting: RHB Randy Brinn 0-0: Ground out 6-3 (Groundball, 6)
Batting: RHB John Downing 0-0: Ball
1-0: Ball
2-0: Fly out, F9 (Line Drive, 89XD)
Batting: LHB Pedro Willis 0-0: DOUBLE (Flyball, 7D) - OUT at third base trying to stretch hit.
Top of the 1st over - 0 run(s), 1 hit(s), 0 error(s), 0 left on base; Buckhead 0 - Lexington 0
BOTTOM OF THE 1ST
Lexington BC batting - Pitching for Buckhead Bowties : RHP Aubrey Ferguson
Pitching: RHP Aubrey Ferguson
Batting: RHB Ed Anderson 0-0: Foul Ball, location: 2F
0-1: SINGLE (Groundball, 56D)
Batting: RHB Brian O'Brian 0-0: Called Strike
0-1: Ball
1-1: Ball
2-1: Fly out, F8 (Flyball, 8RS)
Batting: RHB Júlio Gruzmán 0-0: Ball
1-0: Ball
2-0: Called Strike
2-1: Fielders Choice at 2nd, 6-4 (Groundball, 56)
Batting: LHB Jerry Harris 0-0: Called Strike
0-1: Swinging Strike
0-2: SINGLE (Flyball, 8RS)
Júlio Gruzmán to second
Batting: RHB Curt Phillips 0-0: Ball
1-0: Fielders Choice at 2nd, 6-4 (Groundball, 6)
Bottom of the 1st over - 0 run(s), 2 hit(s), 0 error(s), 2 left on base; Buckhead 0 - Lexington 0
TOP OF THE 2ND
Buckhead Bowties batting - Pitching for Lexington BC : RHP Guillermo García
Batting: RHB Rômulo Caho 0-0: Ball
1-0: Ball
2-0: Ground out 4-3 (Groundball, 4)
Batting: RHB Chris Smith 0-0: Ball
1-0: Ground out 6-3 (Groundball, 6)
Batting: RHB Stuart Newton 0-0: Ball
1-0: Ground out U3 (Groundball, 3)
Top of the 2nd over - 0 run(s), 0 hit(s), 0 error(s), 0 left on base; Buckhead 0 - Lexington 0
BOTTOM OF THE 2ND
Lexington BC batting - Pitching for Buckhead Bowties : RHP Aubrey Ferguson
Batting: RHB Enrique Pérez 0-0: Called Strike
0-1: Ground out 5-3 (Groundball, 6)
Batting: RHB Lockwood Rose 0-0: Swinging Strike
0-1: Ball
1-1: Ball
2-1: Ground out 4-3 (Groundball, 4)
Batting: RHB Blaine Bell 0-0: Ball
1-0: Called Strike
1-1: SINGLE (Flyball, 4MD)
Batting: RHB Guillermo García 0-0: Ball
1-0: Called Strike
1-1: Foul Ball, location: 2F
1-2: SINGLE (Line Drive, 6MD)
Blaine Bell to second
Batting: RHB Ed Anderson 0-0: Called Strike
0-1: Foul Ball, location: 2F
0-2: Ball
1-2: Ball
2-2: Ball
3-2: Ground out 4-3 (Groundball, 4M)
Bottom of the 2nd over - 0 run(s), 2 hit(s), 0 error(s), 2 left on base; Buckhead 0 - Lexington 0
TOP OF THE 3RD
Buckhead Bowties batting - Pitching for Lexington BC : RHP Guillermo García
Batting: LHB Chin Pak 0-0: Called Strike
0-1: Ball
1-1: Ball
2-1: Foul Ball, location: 2F
2-2: Foul Ball, location: 2F
2-2: Ball
3-2: Reached on error, E5 (Groundball, 56)
Batting: LHB Arturo Guzmán 0-0: Ground out U3 (Groundball, 3)
Chin Pak to third
Batting: RHB Aubrey Ferguson 0-0: Ball
1-0: Fly out, F3 (Popup, 3F)
Batting: RHB Randy Brinn 0-0: Called Strike
0-1: Swinging Strike
0-2: Ball
1-2: Strikes out swinging
Top of the 3rd over - 0 run(s), 0 hit(s), 1 error(s), 1 left on base; Buckhead 0 - Lexington 0
BOTTOM OF THE 3RD
Lexington BC batting - Pitching for Buckhead Bowties : RHP Aubrey Ferguson
Batting: RHB Brian O'Brian 0-0: Ball
1-0: Called Strike
1-1: Ground out U3 (Groundball, 3L)
Batting: RHB Júlio Gruzmán 0-0: Called Strike
0-1: Fly out, F4 (Popup, 4M)
Batting: LHB Jerry Harris 0-0: Ball
1-0: Called Strike
1-1: Foul Ball, location: 2F
1-2: Ball
2-2: Fly out, F7 (Flyball, 78M)
Bottom of the 3rd over - 0 run(s), 0 hit(s), 0 error(s), 0 left on base; Buckhead 0 - Lexington 0
TOP OF THE 4TH
Buckhead Bowties batting - Pitching for Lexington BC : RHP Guillermo García
Batting: RHB John Downing 0-0: Ball
1-0: Foul Ball, location: 2F
1-1: Swinging Strike
1-2: Strikes out swinging
Batting: LHB Pedro Willis 0-0: Foul Ball, location: 2F
0-1: Foul Ball, location: 2F
0-2: Strikes out swinging
Batting: RHB Rômulo Caho 0-0: Ball
1-0: Ground out 1-3 (Groundball, 25)
Top of the 4th over - 0 run(s), 0 hit(s), 0 error(s), 0 left on base; Buckhead 0 - Lexington 0
BOTTOM OF THE 4TH
Lexington BC batting - Pitching for Buckhead Bowties : RHP Aubrey Ferguson
Batting: RHB Curt Phillips 0-0: Ball
1-0: Ball
2-0: SOLO HOME RUN (Flyball, 78XD), Distance : 429 ft
Batting: RHB Enrique Pérez 0-0: Ball
1-0: Ball
2-0: Ball
3-0: Called Strike
3-1: Called Strike
3-2: Base on Balls
Batting: RHB Lockwood Rose 0-0: Ball
1-0: DOUBLE (Flyball, 9D)
Enrique Pérez to third
Runner from 3rd tries for Home, SAFE, throw made home
Batting: RHB Blaine Bell 0-0: Foul Ball, location: 2F
0-1: Foul Ball, location: 2F
0-2: Strikes out looking
Batting: RHB Guillermo García 0-0: Called Strike
0-1: Ground out U3 (Groundball, 3S)
Lockwood Rose to third
Batting: RHB Ed Anderson 0-0: Called Strike
0-1: Ball
1-1: Foul Ball, location: 2F
1-2: Foul Ball, location: 2F
1-2: Strikes out looking
Bottom of the 4th over - 2 run(s), 2 hit(s), 0 error(s), 1 left on base; Buckhead 0 - Lexington 2
TOP OF THE 5TH
Buckhead Bowties batting - Pitching for Lexington BC : RHP Guillermo García
Batting: RHB Chris Smith 0-0: Ball
1-0: Fly out, F9 (Flyball, 9D)
Batting: RHB Stuart Newton 0-0: Swinging Strike
0-1: DOUBLE (Line Drive, 7LS)
Batting: LHB Chin Pak 0-0: Ball
1-0: Foul Ball, location: 2F
1-1: Foul Ball, location: 2F
1-2: Foul Ball, location: 2F
1-2: Ball
2-2: Strikes out looking
Batting: LHB Arturo Guzmán 0-0: Called Strike
0-1: Called Strike
0-2: Strikes out swinging
Top of the 5th over - 0 run(s), 1 hit(s), 0 error(s), 1 left on base; Buckhead 0 - Lexington 2
BOTTOM OF THE 5TH
Lexington BC batting - Pitching for Buckhead Bowties : RHP Aubrey Ferguson
Batting: RHB Brian O'Brian 0-0: Called Strike
0-1: DOUBLE (Flyball, 8LXD)
Batting: RHB Júlio Gruzmán 0-0: Called Strike
0-1: Ball
1-1: Foul Ball, location: 2F
1-2: Foul Ball, location: 2F
1-2: Fly out, F8 (Flyball, 8RD)
Runner from 2nd tags up, SAFE at 3rd, no throw
Batting: LHB Jerry Harris 0-0: SINGLE (Groundball, 34D)
Brian O'Brian scores
Batting: RHB Curt Phillips 0-0: Ball
1-0: Ball
2-0: Called Strike
2-1: Foul Ball, location: 2F
2-2: Foul Ball, location: 2F
2-2: Foul Ball, location: 2F
2-2: Strikes out swinging
Batting: RHB Enrique Pérez 0-0: Called Strike
Jerry Harris steals 2nd base
0-1: Ground out 6-3 (Groundball, 6)
Bottom of the 5th over - 1 run(s), 2 hit(s), 0 error(s), 1 left on base; Buckhead 0 - Lexington 3
TOP OF THE 6TH
Buckhead Bowties batting - Pitching for Lexington BC : RHP Guillermo García
Batting: RHB Aubrey Ferguson 0-0: Ball
1-0: Ball
2-0: Swinging Strike
2-1: Swinging Strike
2-2: Strikes out swinging
Batting: RHB Randy Brinn 0-0: Ball
1-0: Ball
2-0: Foul Ball, location: 2F
2-1: Called Strike
2-2: Ground out 5-3 (Groundball, 5S)
Batting: RHB John Downing 0-0: Foul Ball, location: 2F
0-1: Swinging Strike
0-2: Ball
1-2: Ball
2-2: SINGLE (Line Drive, 7LS)
Batting: LHB Pedro Willis 0-0: Foul Ball, location: 2F
0-1: Called Strike
0-2: Ball
1-2: Ball
2-2: Strikes out swinging
Top of the 6th over - 0 run(s), 1 hit(s), 0 error(s), 1 left on base; Buckhead 0 - Lexington 3
BOTTOM OF THE 6TH
Lexington BC batting - Pitching for Buckhead Bowties : RHP Aubrey Ferguson
Batting: RHB Lockwood Rose 0-0: Ball
1-0: Ball
2-0: Fly out, F8 (Flyball, 8RM)
Batting: RHB Blaine Bell 0-0: Ball
1-0: Ball
2-0: Ball
3-0: Foul Ball, location: 2F
3-1: Called Strike
3-2: DOUBLE (Line Drive, 78D)
Batting: RHB Guillermo García 0-0: Called Strike
0-1: Ball
1-1: SINGLE (Groundball, 25) (infield hit)
Blaine Bell to third
Batting: RHB Ed Anderson 0-0: Grounds into double play, 4-6-3 (Groundball, 4)
Bottom of the 6th over - 0 run(s), 2 hit(s), 0 error(s), 2 left on base; Buckhead 0 - Lexington 3
TOP OF THE 7TH
Buckhead Bowties batting - Pitching for Lexington BC : RHP Guillermo García
Batting: RHB Rômulo Caho 0-0: Called Strike
0-1: Foul Ball, location: 2F
0-2: Strikes out swinging, 2-3 out at first.
Batting: RHB Chris Smith 0-0: Foul Ball, location: 2F
0-1: Swinging Strike
0-2: Ball
1-2: Strikes out swinging
Batting: RHB Stuart Newton 0-0: Ground out 2-3 (Groundball, 25)
Top of the 7th over - 0 run(s), 0 hit(s), 0 error(s), 0 left on base; Buckhead 0 - Lexington 3
BOTTOM OF THE 7TH
Lexington BC batting - Pitching for Buckhead Bowties : RHP Aubrey Ferguson
Batting: RHB Brian O'Brian 0-0: Ball
1-0: Foul Ball, location: 2F
1-1: Called Strike
1-2: Ball
2-2: Ball
3-2: Foul Ball, location: 2F
3-2: Foul Ball, location: 2F
3-2: Foul Ball, location: 2F
3-2: Base on Balls
Batting: RHB Júlio Gruzmán 0-0: Called Strike
0-1: Ball
1-1: Foul Ball, location: 2F
1-2: SINGLE (Groundball, 56D)
Brian O'Brian to second
Batting: LHB Jerry Harris 0-0: Called Strike
0-1: Ball
1-1: Called Strike
1-2: Ball
2-2: Grounds into double play, U6-3 (Groundball, 6M)
Brian O'Brian to third
Batting: RHB Curt Phillips 0-0: Ball
1-0: Ball
2-0: Called Strike
2-1: Ball
3-1: Base on Balls
Pitching: RHP Mark Martin
Now in LF: Sherman Davis
Batting: RHB Enrique Pérez 0-0: Ball
1-0: Ball
2-0: Foul Ball, location: 2F
2-1: Called Strike
2-2: Fly out, F8 (Flyball, 8LS)
Bottom of the 7th over - 0 run(s), 1 hit(s), 0 error(s), 2 left on base; Buckhead 0 - Lexington 3
TOP OF THE 8TH
Buckhead Bowties batting - Pitching for Lexington BC : RHP Guillermo García
Batting: LHB Chin Pak 0-0: Swinging Strike
0-1: Swinging Strike
0-2: Fly out, F6 (Popup, 6MD)
Batting: LHB Arturo Guzmán 0-0: Foul Ball, location: 2F
0-1: Called Strike
0-2: Foul Ball, location: 2F
0-2: Ball
1-2: Strikes out swinging
Batting: RHB Sherman Davis 0-0: Ball
1-0: Ball
2-0: Called Strike
2-1: Called Strike
2-2: Ground out 5-3 (Groundball, 56)
Top of the 8th over - 0 run(s), 0 hit(s), 0 error(s), 0 left on base; Buckhead 0 - Lexington 3
BOTTOM OF THE 8TH
Lexington BC batting - Pitching for Buckhead Bowties : RHP Mark Martin
Batting: RHB Lockwood Rose 0-0: Ball
1-0: Foul Ball, location: 2F
1-1: Ball
2-1: Ball
3-1: Foul Ball, location: 2F
3-2: Base on Balls
Batting: RHB Blaine Bell 0-0: Ball
1-0: Bunted foul
1-1: Bunted foul
1-2: DOUBLE (Flyball, 89XD)
Lockwood Rose to third
Pinch Hitting: LHB Daniel Ruíz 0-0: Ball
1-0: Foul Ball, location: 2F
1-1: 3-RUN HOME RUN (Flyball, 9D), Distance : 406 ft
Pitching: LHP Tom Price
Batting: RHB Ed Anderson 0-0: Ball
1-0: Called Strike
1-1: Fly out, F9 (Flyball, 9S)
Batting: RHB Brian O'Brian 0-0: Ball
1-0: Called Strike
1-1: Called Strike
1-2: Ball
2-2: Foul Ball, location: 2F
2-2: Ball
3-2: Foul Ball, location: 2F
3-2: Base on Balls
Batting: RHB Júlio Gruzmán 0-0: Called Strike
0-1: Ball
1-1: Ball
2-1: Ball
3-1: Foul Ball, location: 2F
3-2: 2-RUN HOME RUN (Flyball, 78D), Distance : 435 ft
Batting: LHB Jerry Harris 0-0: Called Strike
0-1: Ball
1-1: Ball
2-1: Called Strike
2-2: Ground out U3 (Groundball, 3S)
Batting: RHB Curt Phillips 0-0: Foul Ball, location: 2F
0-1: Called Strike
0-2: Strikes out looking
Bottom of the 8th over - 5 run(s), 3 hit(s), 0 error(s), 0 left on base; Buckhead 0 - Lexington 8
TOP OF THE 9TH
Buckhead Bowties batting - Pitching for Lexington BC : RHP Guillermo García
Pitching: RHP Myron Snow
Batting: RHB Randy Brinn 0-0: Ball
1-0: Swinging Strike
1-1: Ground out 4-3 (Groundball, 4M)
Pinch Hitting: RHB Jack Hatcher 0-0: Called Strike
0-1: Called Strike
0-2: Ball
1-2: Ball
2-2: Fly out, F9 (Flyball, 89M)
Batting: LHB Pedro Willis 0-0: Called Strike
0-1: Fly out, F9 (Flyball, 9LSF)
Top of the 9th over - 0 run(s), 0 hit(s), 0 error(s), 0 left on base; Buckhead 0 - Lexington 8
This league is powered by Out of the Park Baseball, the baseball management simulation game for PC, Mac and Linux
Thursday, April 24th, 2014 - OOTP Baseball 14.6 Build 33